AAA E
IOWA CUBS @ SOMERSET PATRIOTS
09/11/2030
 
TOP OF THE 1ST
Iowa Cubs batting - Pitching for Somerset Patriots : RHP Erich Uelmen
Pitching: RHP Erich Uelmen
Batting: LHB Joe Decker 0-0: Ball
1-0: Ball
2-0: Foul Ball, location: 5F
2-1: Ball
3-1: Foul Ball, location: 2F
3-2: Fly out, F7 (Flyball, 78S, EV 99.4 MPH)
Batting: SHB Alexander Vargas 0-0: Called Strike
0-1: Ball
1-1: Ball
2-1: Swinging Strike
2-2: Ball
3-2: Foul Ball, location: 7LMF
3-2: Base on Balls
Batting: SHB Jon Walker 0-0: Ball
1-0: Ball
2-0: Foul Ball, location: 2LF
2-1: Ball
Passed Ball!
Alexander Vargas to second
3-1: Swinging Strike
3-2: Foul Ball, location: 2F
3-2: Base on Balls
Batting: LHB Josh Colburn 0-0: Ball
1-0: Ball
2-0: Ball
3-0: Base on Balls
Alexander Vargas to third
Jon Walker to second
Batting: RHB Kevin Made 0-0: Swinging Strike
0-1: Ball
1-1: Ball
2-1: SINGLE (Line Drive, 7LS, EV 94.4 MPH)
Alexander Vargas scores
Jon Walker to third
Josh Colburn to second
Batting: RHB Graig Huckins 0-0: Ball
1-0: Ball
2-0: Foul Ball, location: 9LMF
2-1: Swinging Strike
Balk!
Jon Walker scores
Josh Colburn to third
Kevin Made to second
2-2: Strikes out looking
Batting: RHB Geoff Odom 0-0: Ball
1-0: Swinging Strike
1-1: Ball
2-1: Ball
3-1: Swinging Strike
3-2: Strikes out looking
Top of the 1st over - 2 runs, 1 hit, 0 errors, 2 left on base; Iowa 2 - Somerset 0
BOTTOM OF THE 1ST
Somerset Patriots batting - Pitching for Iowa Cubs : RHP Johzan Oquendo
Pitching: RHP Johzan Oquendo
Batting: RHB Zach Sponder 0-0: Foul Ball, location: 9LMF
0-1: Ball
1-1: Foul Ball, location: 9LDF
1-2: Foul Ball, location: 3F
1-2: Ball
2-2: Ball
3-2: SINGLE (Groundball, 4MS, EV 71.3 MPH) (infield hit)
Batting: LHB Braden Shewmake 0-0: Called Strike
0-1: Swinging Strike
0-2: Fielders Choice at 2nd, 3-6 (Groundball, 3, EV 91.9 MPH)
Batting: LHB Chris Holden 0-0: Called Strike
0-1: Foul Ball, location: 3FF
0-2: Ball
1-2: Foul Ball, location: 7LSF
1-2: Strikes out swinging
Batting: RHB Roman Laughter 0-0: Ball
1-0: Ball
2-0: Called Strike
2-1: Fly out, F4 (Popup, 34, EV 71.9 MPH)
Bottom of the 1st over - 0 runs, 1 hit, 0 errors, 1 left on base; Iowa 2 - Somerset 0
TOP OF THE 2ND
Iowa Cubs batting - Pitching for Somerset Patriots : RHP Erich Uelmen
Batting: SHB Steve Spieth 0-0: Called Strike
0-1: Swinging Strike
0-2: Strikes out swinging
Batting: RHB David Castro 0-0: Ball
1-0: Foul Ball, location: 2F
1-1: Foul Ball, location: 3DF
1-2: Foul Ball, location: 9LSF
1-2: Foul Ball, location: 2F
1-2: SINGLE (Groundball, 56D, EV 100.6 MPH)
Batting: LHB Joe Decker 0-0: SINGLE (Groundball, 6, EV 109.4 MPH)
David Castro to second
Batting: SHB Alexander Vargas 0-0: Called Strike
0-1: Ball
1-1: Ball
2-1: DOUBLE (Line Drive, 89XD, EV 106.9 MPH)
David Castro scores
Joe Decker to third
Runner from 3rd tries for Home, SAFE, throw by CF to home
Batting: SHB Jon Walker 0-0: Ball
1-0: Fly out, F3 (Popup, 3SF, EV 75.0 MPH)
Batting: LHB Josh Colburn 0-0: Ball
1-0: Ball
2-0: Called Strike
2-1: SINGLE (Groundball, 4MD, EV 106.3 MPH)
Alexander Vargas to third
Runner from 3rd tries for Home, SAFE, throw by CF to home
Pitching: RHP Randy Rhodes
Batting: RHB Kevin Made 0-0: Fly out, F9 (Flyball, 89S, EV 81.3 MPH)
Top of the 2nd over - 3 runs, 4 hits, 0 errors, 1 left on base; Iowa 5 - Somerset 0
BOTTOM OF THE 2ND
Somerset Patriots batting - Pitching for Iowa Cubs : RHP Johzan Oquendo
Batting: LHB Tucupita Marcano 0-0: Swinging Strike
0-1: Ball
1-1: Called Strike
1-2: Ball
2-2: Ball
3-2: Ground out 5-3 (Groundball, 56S, EV 88.1 MPH)
Batting: RHB Nick Loftin 0-0: Swinging Strike
0-1: Ball
1-1: Foul Ball, location: 2F
1-2: Foul Ball, location: 9LSF
1-2: Strikes out looking
Batting: LHB Joeni Holt 0-0: Called Strike
0-1: Ball
1-1: Ball
2-1: Foul Ball, location: 7LDF
2-2: Ball
3-2: Base on Balls
Batting: RHB Doug Ohmer 0-0: Foul Ball, location: 9LDF
0-1: Swinging Strike
0-2: Ball
1-2: Strikes out swinging
Bottom of the 2nd over - 0 runs, 0 hits, 0 errors, 1 left on base; Iowa 5 - Somerset 0
TOP OF THE 3RD
Iowa Cubs batting - Pitching for Somerset Patriots : RHP Randy Rhodes
Batting: RHB Graig Huckins 0-0: Swinging Strike
0-1: Fly out, F7 (Line Drive, 7S, EV 93.8 MPH)
Batting: RHB Geoff Odom 0-0: Called Strike
0-1: Fly out, F8 (Flyball, 8RXD, EV 109.4 MPH)
Batting: SHB Steve Spieth 0-0: Ball
1-0: Called Strike
1-1: Ball
2-1: Ball
3-1: Base on Balls
Batting: RHB David Castro 0-0: Called Strike
0-1: Ball
1-1: Foul Ball, location: 25F
1-2: Strikes out swinging
Top of the 3rd over - 0 runs, 0 hits, 0 errors, 1 left on base; Iowa 5 - Somerset 0
BOTTOM OF THE 3RD
Somerset Patriots batting - Pitching for Iowa Cubs : RHP Johzan Oquendo
Batting: RHB Phil Andreozzi 0-0: Fly out, F6 (Popup, 6M, EV 63.1 MPH)
Batting: RHB Zach Sponder 0-0: Ground out 4-3 (Groundball, 4MD, EV 95.0 MPH)
Batting: LHB Braden Shewmake 0-0: Called Strike
0-1: Ball
1-1: Foul Ball, location: 9LMF
1-2: Ground out 2-3 (Groundball, 13S, EV 72.5 MPH)
Bottom of the 3rd over - 0 runs, 0 hits, 0 errors, 0 left on base; Iowa 5 - Somerset 0
TOP OF THE 4TH
Iowa Cubs batting - Pitching for Somerset Patriots : RHP Randy Rhodes
Batting: LHB Joe Decker 0-0: SINGLE (Line Drive, 5L, EV 98.8 MPH)
Batting: SHB Alexander Vargas 0-0: Ball
1-0: Ball
2-0: Ball
3-0: Foul Ball, location: 7LDF
3-1: Base on Balls
Joe Decker to second
Batting: SHB Jon Walker 0-0: Ball
1-0: Ball
2-0: Ball
3-0: Base on Balls
Joe Decker to third
Alexander Vargas to second
Batting: LHB Josh Colburn 0-0: Called Strike
0-1: Foul Ball, location: 25F
0-2: Ball
1-2: Ball
2-2: Fly out, F8 (Flyball, 8LXD, EV 91.3 MPH)
Runner from 3rd tags up, SCORES, no throw by CF
Alexander Vargas to third
Batting: RHB Kevin Made 0-0: Called Strike
0-1: Ball
1-1: Called Strike
1-2: Ball
2-2: Foul Ball, location: 2F
2-2: Ball
3-2: Fly out, F8 (Flyball, 8RD, EV 105.6 MPH)
Runner from 3rd tags up, SCORES, throw by CF
Batting: RHB Graig Huckins 0-0: Called Strike
0-1: Ball
1-1: Foul Ball, location: 9LMF
1-2: Ball
Wild Pitch!
Jon Walker to second
2-2: Ball
3-2: Foul Ball, location: 3F
3-2: Base on Balls
Pitching: LHP Tommy Henry
Batting: RHB Geoff Odom 0-0: Ball
1-0: Ball
2-0: Ball
3-0: Called Strike
3-1: Base on Balls
Jon Walker to third
Graig Huckins to second
Batting: SHB Steve Spieth 0-0: Foul Ball, location: 2F
0-1: Ball
1-1: Ball
2-1: Fly out, F7 (Flyball, 7D, EV 81.3 MPH)
Top of the 4th over - 2 runs, 1 hit, 0 errors, 3 left on base; Iowa 7 - Somerset 0
BOTTOM OF THE 4TH
Somerset Patriots batting - Pitching for Iowa Cubs : RHP Johzan Oquendo
Batting: LHB Chris Holden 0-0: Ball
1-0: Ball
2-0: Fly out, F8 (Flyball, 8LD, EV 110.0 MPH)
Batting: RHB Roman Laughter 0-0: Called Strike
0-1: Ball
1-1: Ball
2-1: Foul Ball, location: 23FF
2-2: Ball
3-2: Foul Ball, location: 9LDF
3-2: Base on Balls
Batting: LHB Tucupita Marcano 0-0: Foul Ball, location: 2F
0-1: Ball
1-1: Foul Ball, location: 9LMF
1-2: Ball
2-2: Ball
3-2: Fly out, F7 (Flyball, 7LS, EV 78.1 MPH)
Batting: RHB Nick Loftin 0-0: Fly out, F8 (Flyball, 8RM, EV 88.8 MPH)
Bottom of the 4th over - 0 runs, 0 hits, 0 errors, 1 left on base; Iowa 7 - Somerset 0
TOP OF THE 5TH
Iowa Cubs batting - Pitching for Somerset Patriots : LHP Tommy Henry
Batting: RHB David Castro 0-0: Ball
1-0: Ball
2-0: Fly out, F8 (Flyball, 8LXD, EV 106.3 MPH)
Batting: LHB Joe Decker 0-0: Hit by Pitch
Batting: SHB Alexander Vargas 0-0: Foul Ball, location: 25FF
0-1: Foul Ball, location: 2RF
0-2: DOUBLE (Line Drive, 78D, EV 106.3 MPH)
Joe Decker to third
Batting: SHB Jon Walker 0-0: Called Strike
0-1: Ball
1-1: Ball
2-1: Foul Ball, location: 9LMF
2-2: Strikes out swinging
Batting: LHB Josh Colburn 0-0: Ball
1-0: Foul Ball, location: 7LDF
1-1: Called Strike
1-2: Foul Ball, location: 5SF
1-2: Foul Ball, location: 5F
1-2: Ball
2-2: Foul Ball, location: 3FF
2-2: Fly out, F4 (Popup, 4MD, EV 53.1 MPH)
Top of the 5th over - 0 runs, 1 hit, 0 errors, 2 left on base; Iowa 7 - Somerset 0
BOTTOM OF THE 5TH
Somerset Patriots batting - Pitching for Iowa Cubs : RHP Johzan Oquendo
Batting: LHB Joeni Holt 0-0: Foul Ball, location: 2F
0-1: Ball
1-1: Foul Ball, location: 7LSF
1-2: Fly out, F8 (Flyball, 8RM, EV 96.9 MPH)
Batting: RHB Doug Ohmer 0-0: Foul Ball, location: 2F
0-1: Ball
1-1: Ball
2-1: Ball
3-1: Base on Balls
Batting: RHB Phil Andreozzi 0-0: Ball
1-0: Called Strike
1-1: Ball
2-1: Ball
3-1: Foul Ball, location: 2F
3-2: Grounds into double play, 6-4-3 (Groundball, 6MS, EV 83.8 MPH)
Bottom of the 5th over - 0 runs, 0 hits, 0 errors, 0 left on base; Iowa 7 - Somerset 0
TOP OF THE 6TH
Iowa Cubs batting - Pitching for Somerset Patriots : LHP Tommy Henry
Batting: RHB Kevin Made 0-0: Called Strike
0-1: Ball
1-1: Ball
2-1: Foul Ball, location: 23F
2-2: Ball
3-2: Base on Balls
Batting: RHB Graig Huckins 0-0: Ball
1-0: Called Strike
1-1: SINGLE (Line Drive, 5D, EV 99.4 MPH)
Kevin Made to second
Pitching: RHP Phil Myers
Batting: RHB Geoff Odom 0-0: Ball
1-0: Ball
2-0: SINGLE (Line Drive, 6MD, EV 101.9 MPH)
Kevin Made to third
Graig Huckins to second
Batting: SHB Steve Spieth 0-0: Called Strike
0-1: Foul Ball, location: 5SF
0-2: Strikes out looking
Batting: RHB David Castro 0-0: Swinging Strike
0-1: Ball
1-1: Ball
2-1: Foul Ball, location: 5SF
2-2: Foul Ball, location: 9LDF
2-2: DOUBLE (Line Drive, 3D, EV 100.0 MPH)
Kevin Made scores
Graig Huckins scores
Geoff Odom to third
Batting: LHB Joe Decker 0-0: Ball
1-0: Called Strike
1-1: Called Strike
1-2: Foul Ball, location: 5SF
1-2: Strikes out swinging
Batting: SHB Alexander Vargas 0-0: Ball
1-0: Called Strike
1-1: Called Strike
1-2: Ball
2-2: Ground out 5-3 (Groundball, 56, EV 106.3 MPH)
Top of the 6th over - 2 runs, 3 hits, 0 errors, 2 left on base; Iowa 9 - Somerset 0
BOTTOM OF THE 6TH
Somerset Patriots batting - Pitching for Iowa Cubs : RHP Johzan Oquendo
Batting: RHB Zach Sponder 0-0: Ball
1-0: Ball
2-0: Ball
3-0: Base on Balls
Batting: LHB Braden Shewmake 0-0: Fielders Choice at 2nd, 3-6 (Groundball, 34S, EV 91.3 MPH)
Batting: LHB Chris Holden 0-0: Ball
1-0: Called Strike
Braden Shewmake steals 2nd base
1-1: Ball
2-1: Swinging Strike
2-2: Foul Ball, location: 2F
2-2: Ball
3-2: Fly out, F9 (Flyball, 9D, EV 97.5 MPH)
Runner from 2nd tags up, SAFE at 3rd, no throw by RF
Batting: RHB Roman Laughter 0-0: Called Strike
0-1: Ball
1-1: Fly out, F9 (Flyball, 9, EV 88.1 MPH)
Bottom of the 6th over - 0 runs, 0 hits, 0 errors, 1 left on base; Iowa 9 - Somerset 0
TOP OF THE 7TH
Iowa Cubs batting - Pitching for Somerset Patriots : RHP Phil Myers
Batting: SHB Jon Walker 0-0: Called Strike
0-1: Ball
1-1: Called Strike
1-2: Ball
2-2: Ball
3-2: SINGLE (Groundball, 13, EV 80.0 MPH) (infield hit)
Batting: LHB Josh Colburn 0-0: Called Strike
0-1: Ball
1-1: Ball
2-1: Ball
3-1: Base on Balls
Jon Walker to second
Batting: RHB Kevin Made 0-0: Called Strike
0-1: Grounds into double play, 4-6-3 (Groundball, 4, EV 88.1 MPH)
Jon Walker to third
Batting: RHB Graig Huckins 0-0: Called Strike
0-1: Foul Ball, location: 25FF
0-2: SINGLE (Line Drive, 9S, EV 98.1 MPH)
Jon Walker scores
Batting: RHB Geoff Odom 0-0: Ball
1-0: Foul Ball, location: 2F
1-1: Ball
2-1: Fielders Choice at 2nd, 6-4 (Groundball, 6, EV 103.1 MPH)
Top of the 7th over - 1 run, 2 hits, 0 errors, 1 left on base; Iowa 10 - Somerset 0
BOTTOM OF THE 7TH
Somerset Patriots batting - Pitching for Iowa Cubs : RHP Johzan Oquendo
Pinch Hitting: RHB Drew Ellis 0-0: Ball
1-0: Foul Ball, location: 2LF
1-1: Swinging Strike
1-2: Ground out 6-3 (Groundball, 56, EV 101.3 MPH)
Batting: RHB Nick Loftin 0-0: Ground out 5-3 (Groundball, 5, EV 84.4 MPH)
Batting: LHB Joeni Holt 0-0: Ball
1-0: Ground out 1-3 (Groundball, 15S, EV 71.9 MPH)
Bottom of the 7th over - 0 runs, 0 hits, 0 errors, 0 left on base; Iowa 10 - Somerset 0
TOP OF THE 8TH
Iowa Cubs batting - Pitching for Somerset Patriots : RHP Phil Myers
Pitching: RHP Ben Brown
Now at 3B: Drew Ellis
Batting: SHB Steve Spieth 0-0: Ground out 6-3 (Groundball, 6, EV 103.8 MPH)
Batting: RHB David Castro 0-0: Called Strike
0-1: Foul Ball, location: 9LDF
0-2: Fly out, F7 (Flyball, 7S, EV 81.9 MPH)
Batting: LHB Joe Decker 0-0: Foul Ball, location: 2F
0-1: Ball
1-1: Ground out 1-3 (Groundball, 13S, EV 68.1 MPH)
Top of the 8th over - 0 runs, 0 hits, 0 errors, 0 left on base; Iowa 10 - Somerset 0
BOTTOM OF THE 8TH
Somerset Patriots batting - Pitching for Iowa Cubs : RHP Johzan Oquendo
Pitching: LHP Bobby Haber
Batting: RHB Doug Ohmer 0-0: Ball
1-0: Foul Ball, location: 7LMFF
1-1: Foul Ball, location: 25F
1-2: Ball
2-2: Ball
3-2: Base on Balls
Batting: RHB Phil Andreozzi 0-0: SINGLE (Groundball, 34D, EV 100.0 MPH)
Doug Ohmer to second
Runner from 2nd tries for 3rd, SAFE, throw by RF made to third
Batting: RHB Zach Sponder 0-0: Ball
1-0: Grounds into double play, 4-6-3 (Groundball, 4S, EV 85.0 MPH)
Doug Ohmer scores
Pinch Hitting: RHB Hsi-men Fung 0-0: Called Strike
0-1: Ground out 5-3 (Groundball, 56S, EV 63.8 MPH)
Bottom of the 8th over - 1 run, 1 hit, 0 errors, 0 left on base; Iowa 10 - Somerset 1
TOP OF THE 9TH
Iowa Cubs batting - Pitching for Somerset Patriots : RHP Ben Brown
Now at 1B: Hsi-men Fung
Batting: SHB Alexander Vargas 0-0: Called Strike
0-1: Ball
1-1: Fly out, F8 (Flyball, 8LD, EV 91.9 MPH)
Batting: SHB Jon Walker 0-0: SINGLE (Line Drive, 8RS, EV 95.6 MPH)
Batting: LHB Josh Colburn 0-0: Called Strike
0-1: Foul Ball, location: 23FF
0-2: Ball
1-2: Ball
2-2: Foul Ball, location: 3F
2-2: Foul Ball, location: 2F
2-2: Foul Ball, location: 2F
2-2: Ball
3-2: Grounds into double play, 3-6-3 (Groundball, 34, EV 108.1 MPH)
Top of the 9th over - 0 runs, 1 hit, 0 errors, 0 left on base; Iowa 10 - Somerset 1
BOTTOM OF THE 9TH
Somerset Patriots batting - Pitching for Iowa Cubs : LHP Bobby Haber
Batting: LHB Chris Holden 0-0: Ball
1-0: Ball
2-0: Called Strike
2-1: Ball
3-1: Called Strike
3-2: Strikes out swinging
Batting: RHB Roman Laughter 0-0: Fly out, F7 (Flyball, 78M, EV 85.6 MPH)
Batting: RHB Drew Ellis 0-0: Ball
1-0: Swinging Strike
1-1: Foul Ball, location: 9LMF
1-2: Ground out 5-3 (Groundball, 56, EV 90.0 MPH)
Bottom of the 9th over - 0 runs, 0 hits, 0 errors, 0 left on base; Iowa 10 - Somerset 1
Friday, April 19th , 2024 - OOTP Baseball 24.7 Build 72